 Dungeon Crawl Stone Soup version 0.24-a0-381-g637bb3806f (webtiles) character file.

Game seed: 15755158643160167440

49 kidcy the Skirmisher (level 3, 20/30 HPs)
             Began as a Barachi Monk on June 3, 2019.
             Got out of the dungeon alive.
             The game lasted 00:03:01 (1510 turns).

kidcy the Skirmisher (Barachi Monk)                 Turns: 1510, Time: 00:03:01

Health: 20/30      AC:  5    Str: 12 (13) XL:     3   Next: 75%
Magic:  3/3        EV: 11    Int:  7 (10) God:
Gold:   61         SH:  0    Dex: 11 (14) Spells: 2/2 levels left

rFire    . . .     SeeInvis .   a - +0 mace
rCold    . . .     Gourm    .   (no shield)
rNeg     . . .     Faith    .   d - +0 ring mail
rPois    .         Spirit   .   (no helmet)
rElec    .         Reflect  .   (no cloak)
rCorr    .         Harm     .   (no gloves)
MR       .....                  (no boots)
Stlth    +.........             (no amulet)
HPRegen  0.10/turn              (no ring)
MPRegen  0.08/turn              (no ring)

@: slow
A: +LOS, swims, slowness 1, strong legs 1
a: Hop


You escaped.
You were not hungry.

You visited 1 branch of the dungeon, and saw 2 of its levels.

You collected 61 gold pieces.

Inventory:

Hand Weapons
 a - a +0 mace (weapon)
Armour
 d - a +0 ring mail (worn)
 f - a +0 shield
Scrolls
 b - 2 scrolls of identify {unknown}
 e - a scroll of noise {unknown}
Comestibles
 c - a ration


   Skills:
 + Level 4.2 Fighting
 + Level 3.8 Maces & Flails
 + Level 1.6 Armour
 - Level 3.4 Dodging
 - Level 2.0 Stealth
 + Level 0.6 Shields


You had 2 spell levels left.
You didn't know any spells.
Your spell library was empty.

Dungeon Overview and Level Annotations

Branches:
Dungeon (2/15)

Altars:


Innate Abilities, Weirdness & Mutations

Shadows flee at your approach. (+LOS)
You can swim through water.
You cover ground slowly.
You can hop short distances.


Message History

The adder is almost dead.
You feel sick. The adder misses you.
You hit the adder.
You kill the adder!
You feel sick.
You start resting.
You feel sick. x5
You are no longer poisoned.
You see here a robe.
There is an escape hatch in the ceiling, spattered with blood here.
A mysterious force pulls you upwards. The hatch slams shut behind you.
You see here a stone.
Things that are here:
2 stones; a +0 short sword
Things that are here:
4 stones; a +0 dagger; a +0 club You see here a +0 club.
There is a staircase leading out of the dungeon here.
Are you sure you want to leave the Dungeon?
This will make you lose the game!
You have escaped!

# #...........# ####.# ##.###
#....#####..###....# ##.....
#....## ##.....#### ##....(.
#.....########...# #(...([.
####................######.......
#.......#........................
#.........############(..........
##.#.#..### ######..###.......
##.#...## ##@#.(...###.......
...#..## #..)(###..###......
.....## ##..[# ##.####.....
...#.# ###..## #..######## ...#.#
#...## ##..####### ####.# #.#..#
##........ ....## ### ####.#
######### .....# #.# #..# .....##
##.## ##..#


There were no monsters in sight!

Vanquished Creatures
  2 adders (D:2)
  A leopard gecko (D:2)
  3 giant cockroaches
  2 goblins (D:1)
  6 hobgoblins
  3 jackals (D:2)
  2 ball pythons (D:1)
  4 bats
  A frilled lizard (D:1)
  3 kobolds
  2 rats
29 creatures vanquished.

Notes
Turn   | Place    | Note
-------+----------+-------------------------------------------
     0 | D:1      | kidcy the Barachi Monk began the quest for the Orb.
     0 | D:1      | Reached XP level 1. HP: 18/18 MP: 1/1
   318 | D:1      | Reached XP level 2. HP: 25/25 MP: 2/2
   508 | D:1      | Reached skill level 4 in Fighting
   610 | D:2      | Reached skill level 1 in Armour
   914 | D:2      | Reached XP level 3. HP: 26/30 MP: 3/3
  1510 | D:$      | Got out of the dungeon alive.

Levels and vault maps discovered:
D:1:      saegor_arrival_simple_a, layout_rooms, serial_curves, eino_curves_03,
          eino_curves_02, eino_curves_03, eino_curves_01
D:2:      layout_loops_cross, chequers_ecumenical_altar_simple_redux,
          serial_co_window_serial, co_window_cross_1, co_window_paths_b,
          co_window_cross_1, co_window_paths_a, co_window_corner_a,
          co_window_2corner, co_window_unsneaky_path_b, co_window_broadway_b,
          co_window_2corner, co_window_sun, glass_columns_c, glass_columns_a,
          glass_columns_a, glass_columns_a, glass_columns_a, first_ration

Skill      XL: |  1  2 |
---------------+-------+-----
Stealth        | 2 |  2.0
Fighting       | 4 |  4.2
Armour         | 1 |  1.6
Maces & Flails | |  3.8
Dodging        | |  3.4
Shields        | |  0.6

Action                   || total
-------------------------++-------
Melee: Mace              ||   133
  Use: Potion            ||     2
 Stab: Sleeping          ||     4
  Eat: Ration            ||     1
Armor: Ring mail         ||    50
Dodge: Dodged            ||   112

Table legend:
 A = Non-vault XP
 B = Vault XP
 C = Vault XP percentage of total XP
 D = Non-vault monster count
 E = Vault monster count
 F = Vault count percentage of total count
                 A         B        C        D         E       F
            +---------+---------+-------+---------+---------+-------
      Total |      70 |       0 |   0.0 |      29 |       0 |   0.0
            +---------+---------+-------+---------+---------+-------
        D:1 |      26 |       0 |   0.0 |      17 |       0 |   0.0
        D:2 |      44 |       0 |   0.0 |      12 |       0 |   0.0
            +---------+---------+-------+---------+---------+-------
